Map: Proxima Station LE

Players

FruitDealer

  • Race: Terran Terran
  • League: Master
  • Spawn Location: 7:00

Maplez - Winner!

  • Race: Protoss Protoss
  • League: Master
  • Spawn Location: 1:00

VOD

Have the link to the VOD?

Description

Time

  • Played on: March 23, 2017, 8:38 p.m.
  • Length: 12:23
Show
View Real Time Build Order
Export as new Build Order

FruitDealer Terran 

Build Orders: Reaper Expand, MMM Bio 

Get SALT Encoding   

  12  0:01  SCV  
  13  0:14  SCV  
  14  0:20  Supply Depot  
  14  0:26  SCV  
  15  0:31  Refinery  
  15  0:41  SCV  
  16  0:46  Barracks  
  16  0:53  SCV  
  17  1:05  SCV  
  18  1:17  SCV  
  19  1:33  Orbital Command  
  19  1:34  Reaper  
  20  1:47  Command Center  
  20  1:58  SCV  
  21  2:07  Factory  
  21  2:10  SCV  
  21  2:11  Barracks Reactor  
  22  2:22  SCV  
  23  2:27  Refinery  
  23  2:28  Supply Depot  
  23  2:50  SCV  
  23  2:51  Marine x2  
  25  2:55  Starport  
  25  2:58  Widow Mine  
  25  3:02  SCV  
  28  3:08  Marine  
  28  3:09  Marine  
  30  3:14  SCV  
  31  3:20  Orbital Command  
  31  3:26  SCV, Marine x2  
  33  3:27  Widow Mine  
  33  3:33  Medivac  
  37  3:38  SCV  
  38  3:45  Marine x2  
  38  3:46  SCV  
  41  3:51  SCV  
  42  3:58  SCV, Supply Depot  
  43  4:03  SCV  
  44  4:10  SCV  
  44  4:15  SCV  
  44  4:16  Supply Depot  
  46  4:20  Factory Tech Lab  
  46  4:21  Starport Tech Lab, Barracks  
  46  4:22  SCV  
  47  4:24  Barracks  
  47  4:26  Engineering Bay  
  47  4:27  SCV  
  48  4:35  SCV  
  49  4:39  SCV, Supply Depot  
  50  4:47  SCV  
  51  4:55  SCV  
  51  4:56  Terran Infantry Weapons Level 1  
  51  4:58  Marine x2  
  51  4:59  Command Center, SCV, Starport Tech Lab  
  55  5:01  Starport Reactor  
  55  5:08  SCV  
  56  5:16  SCV  
  56  5:18  Combat Shields, Stimpack  
  56  5:20  Marine x2, SCV  
  56  5:21  Marauder  
  62  5:28  SCV  
  62  5:30  Factory Reactor, Marauder  
  62  5:31  Supply Depot  
  62  5:32  SCV  
  66  5:38  Medivac  
  66  5:39  Viking  
  70  5:46  Supply Depot  
  70  5:52  SCV x2  
  71  5:58  Marine  
  71  5:59  Marauder x2, Marine  
  71  6:03  Supply Depot  
  77  6:04  SCV  
  77  6:05  Refinery  
  77  6:06  Refinery  
  77  6:09  Supply Depot  
  77  6:10  SCV  
  79  6:12  Orbital Command  
  79  6:17  Barracks  
  79  6:19  Barracks  
  79  6:23  SCV x2  
  81  6:31  Marine x2  
  81  6:32  Marauder x2  
  87  6:34  Medivac  
  87  6:37  SCV  
  87  6:38  Orbital Command  
  87  6:39  Factory Reactor  
  90  6:40  SCV  
  91  6:49  SCV  
  91  6:52  Supply Depot  
  92  6:54  Concussive Shells  
  92  6:55  Marine x2  
  92  6:56  Marauder x2  
  92  7:00  Terran Infantry Armor Level 1  
  98  7:04  Engineering Bay  
  98  7:07  SCV  
  99  7:09  Armory  
  99  7:12  SCV x2  
  101  7:18  Marine x2  
  101  7:19  Marauder, Barracks Tech Lab  
  105  7:26  SCV x2  
  105  7:27  SCV  
  108  7:34  Starport  
  108  7:37  Marine  
  108  7:38  SCV x2, Marauder, Marine x4  
  108  7:40  Medivac  
  108  7:41  Marauder  
  108  7:42  Medivac  
  108  7:43  SCV  
  124  7:50  SCV  
  125  7:52  Supply Depot  
  125  7:54  Supply Depot  
  125  8:13  Marine  
  125  8:14  Marauder x2  
  125  8:19  Marine  
  131  8:20  Marauder, Marine  
  131  8:24  Marine  
  131  8:26  Viking x3  
  141  8:31  Terran Infantry Weapons Level 2, Supply Depot  
  141  8:32  Terran Ship Weapons Level 1  
  141  8:33  Supply Depot  
  141  8:39  Viking  
  141  8:40  Marauder x2, Marine  
  138  8:41  Marine x3  
  141  8:53  Marine  
  142  8:56  Supply Depot  
  142  8:57  Barracks  
  142  8:58  Marine  
  142  8:59  Marauder, Marine, Barracks  
  142  9:01  Marauder x2, Barracks  
  144  9:03  Marine  
  128  9:11  Marine  
  128  9:16  Marine  
  126  9:19  Viking x3  
  126  9:20  Medivac  
  126  9:21  Marauder  
  126  9:22  Marauder x2  
  134  9:27  Marine  
  135  9:33  Refinery  
  135  9:35  Refinery  
  135  9:42  Marauder  
  135  9:44  Marauder  
  138  9:47  Command Center  
  134  9:59  Marine x3  
  120  10:00  Marauder  
  120  10:04  Marauder  
  97  10:07  SCV x2  
  87  10:15  Marine  
  87  10:16  Marine x2  
  70  10:23  SCV x2  
  70  10:24  Marine  
  70  10:25  Marine  
  70  10:27  SCV  
  70  10:28  Marine  
  68  10:29  Marauder x2, Marine  
  68  10:31  Marine  
  68  10:33  Marine  
  68  10:35  Marine, SCV x2  
  77  10:39  SCV  
  75  10:45  Marine  
  75  10:47  SCV x2  
  80  10:50  Marauder x2  
  80  10:51  Marine, SCV  
  80  10:53  Marauder  
  80  10:55  Marine  
  80  10:56  Marine  
  88  10:59  SCV x2  
  88  11:03  SCV  
  93  11:06  Marine  
  93  11:09  Barracks Tech Lab x2  
  93  11:11  Marauder, SCV, Barracks Reactor  
  95  11:12  Marauder  
  95  11:13  Marine x2  
  95  11:15  Medivac x2  
  103  11:20  Marine  
  103  11:21  Marine  
  103  11:24  Marine  
  106  11:27  Planetary Fortress  
  106  11:28  SCV  
  106  11:29  Marine, SCV x2  
  106  11:30  Marauder  
  106  11:31  Medivac x2  
  118  11:33  Marauder x2, Marine  
  118  11:38  Marine  
  118  11:39  Marauder  
  124  11:41  SCV x2  
  124  11:44  Marine  
  127  11:47  Marauder, Marine  
  127  11:49  Medivac  
  127  11:50  Viking  
  127  11:51  Marauder  
  138  11:54  Marauder  
  138  11:57  Marauder  
  138  12:00  Marauder, SCV  
  138  12:01  SCV  
Show
View Real Time Build Order
Export as new Build Order

Maplez Protoss - Winner!

Build Orders: 1 Gate Expand, Colossus Rush 

Get SALT Encoding   

  12  0:01  Probe (Chrono Boost)  
  13  0:11  Probe (Chrono Boost)  
  14  0:18  Pylon  
  14  0:22  Probe (Chrono Boost)  
  15  0:36  Gateway, Probe (Chrono Boost)  
  16  0:47  Probe (Chrono Boost)  
  16  0:48  Assimilator  
  17  0:57  Probe (Chrono Boost)  
  18  1:08  Probe (Chrono Boost)  
  20  1:18  Probe (Chrono Boost)  
  20  1:26  Nexus  
  20  1:29  Probe (Chrono Boost)  
  21  1:36  Cybernetics Core  
  21  1:41  Assimilator  
  21  1:44  Probe (Chrono Boost)  
  22  1:51  Pylon  
  22  1:55  Probe (Chrono Boost)  
  23  2:09  Probe (Chrono Boost)  
  23  2:12  Adept  
  23  2:13  Pylon  
  23  2:17  Warp Gate  
  27  2:23  Mothership Core (Chrono Boost)  
  27  2:38  Probe (Chrono Boost)  
  27  2:39  Adept  
  30  2:47  Probe (Chrono Boost)  
  31  2:52  Probe (Chrono Boost)  
  31  2:54  Robotics Facility  
  32  2:58  Probe (Chrono Boost)  
  32  3:03  Probe (Chrono Boost)  
  34  3:06  Adept  
  34  3:09  Probe (Chrono Boost)  
  37  3:13  Probe (Chrono Boost)  
  39  3:20  Probe (Chrono Boost)  
  39  3:25  Gateway x2, Probe (Chrono Boost)  
  40  3:30  Probe (Chrono Boost)  
  40  3:34  Pylon  
  41  3:39  Probe (Chrono Boost), Observer, Pylon  
  42  3:47  Probe (Chrono Boost), Pylon  
  44  3:52  Probe (Chrono Boost)  
  45  3:59  Probe (Chrono Boost)  
  45  4:00  Observer  
  47  4:05  Probe (Chrono Boost)  
  47  4:09  Robotics Bay  
  49  4:11  Probe (Chrono Boost)  
  49  4:15  Probe (Chrono Boost), Assimilator  
  50  4:18  Assimilator  
  50  4:21  Stalker x2  
  50  4:22  Stalker  
  50  4:23  Probe (Chrono Boost)  
  57  4:28  Probe (Chrono Boost)  
  58  4:32  Pylon  
  58  4:35  Probe (Chrono Boost), Observer  
  60  4:39  Probe (Chrono Boost)  
  61  4:47  Pylon  
  61  4:48  Probe (Chrono Boost)  
  61  4:50  Probe (Chrono Boost)  
  61  4:52  Stalker x2  
  67  4:58  Colossus  
  68  5:00  Probe (Chrono Boost)  
  68  5:01  Probe (Chrono Boost)  
  75  5:10  Pylon  
  75  5:11  Probe (Chrono Boost)  
  75  5:12  Probe (Chrono Boost)  
  76  5:24  Extended Thermal Lance, Probe (Chrono Boost)  
  76  5:25  Nexus  
  76  5:27  Pylon  
  77  5:34  Probe (Chrono Boost)  
  78  5:46  Twilight Council  
  78  5:48  Forge  
  76  5:50  Probe (Chrono Boost)  
  76  5:51  Stalker  
  79  5:57  Probe (Chrono Boost)  
  79  6:01  Pylon  
  79  6:02  Probe (Chrono Boost)  
  79  6:03  Colossus  
  86  6:11  Protoss Ground Weapons Level 1  
  86  6:13  Blink  
  86  6:15  Pylon  
  86  6:20  Pylon  
  86  6:21  Probe (Chrono Boost)  
  87  6:29  Probe (Chrono Boost)  
  88  6:35  Probe (Chrono Boost)  
  88  6:38  Probe (Chrono Boost), Photon Cannon  
  90  6:41  Stalker  
  90  6:45  Probe (Chrono Boost)  
  93  6:49  Stalker  
  93  6:50  Sentry  
  93  6:52  Probe (Chrono Boost)  
  93  6:53  Probe (Chrono Boost)  
  99  6:55  Colossus  
  99  6:56  Pylon  
  99  6:58  Probe (Chrono Boost)  
  100  7:07  Probe (Chrono Boost)  
  107  7:09  Stalker  
  110  7:16  Probe (Chrono Boost)  
  110  7:20  Gateway x2  
  110  7:22  Gateway  
  110  7:25  Sentry  
  110  7:27  Sentry  
  114  7:30  Pylon  
  114  7:32  Assimilator  
  114  7:33  Probe (Chrono Boost), Assimilator  
  114  7:36  Stalker  
  117  7:40  Probe (Chrono Boost)  
  117  7:41  Probe (Chrono Boost)  
  117  7:44  Photon Cannon, Warp Prism  
  120  7:45  Probe (Chrono Boost)  
  120  7:49  Photon Cannon  
  120  7:50  Protoss Ground Weapons Level 2  
  123  7:52  Probe (Chrono Boost)  
  123  7:54  Stalker x2  
  126  7:59  Probe (Chrono Boost)  
  126  8:01  Resonating Glaives  
  127  8:05  Probe (Chrono Boost)  
  127  8:12  Probe (Chrono Boost)  
  128  8:16  Stalker x2, Pylon  
  132  8:20  Photon Cannon  
  132  8:23  Photon Cannon  
  132  8:35  Stalker x4  
  140  8:44  Probe (Chrono Boost)  
  140  8:47  Stalker x2  
  146  8:56  Probe (Chrono Boost)  
  146  8:59  Nexus  
  146  9:00  Pylon  
  146  9:09  Probe (Chrono Boost)  
  139  9:12  Adept  
  139  9:13  Adept x4  
  137  9:19  Probe (Chrono Boost), Colossus  
  137  9:20  Stalker  
  137  9:21  Stalker x5  
  150  9:25  Templar Archives, Robotics Facility  
  156  9:34  Photon Cannon  
  156  9:38  Pylon  
  156  9:49  Adept  
  156  9:52  Pylon  
  154  9:53  Pylon  
  146  10:02  Adept x5  
  131  10:16  Probe (Chrono Boost)  
  131  10:18  Probe (Chrono Boost)  
  124  10:21  Probe x2 (Chrono Boost)  
  124  10:23  Psionic Storm  
  124  10:26  Colossus  
  119  10:28  Colossus  
  119  10:30  Probe (Chrono Boost), High Templar x4  
  119  10:31  Probe (Chrono Boost), Adept x2  
  119  10:34  Probe (Chrono Boost)  
  144  10:43  Archon x2  
  144  10:51  Gateway  
  144  10:55  Gateway  
  144  10:56  Stalker, High Templar  
  148  10:57  Gateway  
  148  11:01  Pylon  
  148  11:04  Stalker x3  
  148  11:05  Stalker  
  156  11:16  Forge  
  156  11:17  Assimilator x2  
  156  11:18  Pylon  
  156  11:23  Warp Prism  
  155  11:27  Pylon  
  155  11:30  Adept x2  
  155  11:31  Adept x3  
  155  11:32  Adept  
  167  11:42  Pylon  
  167  11:49  Photon Cannon  
  167  11:52  Adept x5  
  167  11:53  Adept x2  
  181  11:58  Stalker x2  
Tags
 
Add a new tag
Caveats
  • Supply blocks, unpowered buildings, or Contaminate may cause inaccurate times.
  • Supply counts are checked every 10 seconds.